 Dungeon Crawl Stone Soup version 0.29.1-12-g30fa7ad0bf (webtiles) character file.

Game seed: 7956100105156595566

2434 FexLirch the Fanfare of Bloodshed (level 9, -2/89 HPs)
             Began as a Troll Fighter on Dec 14, 2022.
             Was a Believer of Makhleb.
             Slain by a vampire mosquito (10 damage)
             ... on level 7 of the Dungeon.
             The game lasted 00:21:46 (5262 turns).

FexLirch the Fanfare of Bloodshed (Troll Fighter)   Turns: 5262, Time: 00:21:48

Health: -2/89      AC:  7    Str: 26    XL:     9   Next: 24%
Magic:  13/13      EV:  9    Int:  6    God:    Makhleb [**....]
Gold:   289        SH:  8    Dex: 11    Spells: 7/8 levels left

rFire   + . .      SeeInvis .   F - +1 spear (freeze)
rCold   . . .      Faith    .   b - +0 kite shield
rNeg    . . .      Spirit   .   a - +0 robe
rPois   .          Reflect  .   (helmet restricted)
rElec   .          Harm     .   g - +2 cloak
rCorr   .          Rampage  .   (gloves unavailable)
Will    .....                   (boots unavailable)
Stlth   +.........              (no amulet)
HPRegen 1.04/turn               j - ring of protection from fire
MPRegen 0.13/turn               (no ring)

@: no status effects
A: large, unfitting armour, claws 3, regeneration 1, shaggy fur 1, tough skin 1
a: Renounce Religion, Minor Destruction


You were on level 7 of the Dungeon.
You worshipped Makhleb.
Makhleb was pleased with you.
You visited 2 branches of the dungeon, and saw 9 of its levels.
You also visited: Sewer.

You collected 289 gold pieces.

Inventory:

Hand Weapons
 h - a +2 short sword of protection
 w - a +0 sling
 F - a +1 spear of freezing (weapon)
 G - a +0 giant spiked club
 K - a +0 shortbow
 L - a +0 flail
 M - a +0 mace
 O - a +4 hand axe
Missiles
 P - 2 silver boomerangs
 U - 4 large rocks
Armour
 a - a +0 robe (worn)
 b - a +0 kite shield (worn)
 g - a +2 cloak (worn)
Jewellery
 j - a ring of protection from fire (left claw)
 Q - a +4 ring of protection
Wands
 p - a wand of acid (5)
 z - a wand of flame (11)
 A - a wand of digging (7)
Scrolls
 d - 2 scrolls of butterflies {unknown}
 f - 6 scrolls of teleportation {unknown}
 i - 4 scrolls of identify {unknown}
 m - a scroll of enchant armour
 n - 2 scrolls of enchant weapon {unknown}
 o - a scroll of torment {unknown}
 q - 2 scrolls of silence
 r - a scroll of poison {unknown}
 s - 3 scrolls of noise {unknown}
 u - a scroll of amnesia {unknown}
 v - 6 scrolls of summoning {unknown}
 x - 3 scrolls of immolation {unknown}
 y - a scroll of fear {unknown}
 H - 2 scrolls of blinking {unknown}
 I - 2 scrolls of vulnerability {unknown}
 J - a scroll of brand weapon {unknown}
 R - a scroll of magic mapping {unknown}
Potions
 c - 4 potions of might
 e - 3 potions of curing
 k - 3 potions of heal wounds {unknown}
 l - 3 potions of brilliance {unknown}
 t - a potion of haste
 B - a potion of invisibility {unknown}
 C - 3 potions of mutation {unknown}
 D - a potion of magic {unknown}
 E - a potion of attraction {unknown}
 N - 2 potions of resistance {unknown}
 S - a potion of ambrosia {unknown}
 T - a potion of flight {unknown}


   Skills:
 + Level 5.8 Fighting
 - Level 1.6 Maces & Flails
 + Level 4.4 Dodging
 + Level 4.9 Shields
 - Level 2.0 Unarmed Combat
 + Level 7.6 Invocations


You had 7 spell levels left.
You knew the following spells:

 Your Spells              Type           Power      Damage    Failure   Level
a - Summon Small Mammal   Summ           0%         N/A       73%         1

Your spell library contained the following spells:

 Spells                   Type           Power      Damage    Failure   Level
 Foxfire                  Conj/Fire      0%         2x1d4     73%         1
 Call Canine Familiar     Summ           0%         N/A       97%         3
 Conjure Flame            Conj/Fire      0%         6-21      97%         3
 Dazzling Flash           Conj/Hex       0%         N/A       97%         3
 Gell's Gravitas          Tloc           0%         N/A       97%         3
 Inner Flame              Hex/Fire       0%         N/A       97%         3
 Summon Guardian Golem    Hex/Summ       0%         N/A       97%         3
 Vampiric Draining        Necr           0%         2d6       97%         3
 Flame Wave               Conj/Fire      0%         2d4       100%        4
 Agony                    Necr           0%         N/A       100%        5
 Silence                  Hex/Air        0%         N/A       100%        5
 Death Channel            Necr           0%         N/A       100%        6
 Malign Gateway           Summ/Tloc      0%         N/A       100%        7
 Orb of Destruction       Conj           0%         9d5       100%        7
 Spellforged Servitor     Conj/Summ      0%         N/A       100%        7


Dungeon Overview and Level Annotations

Branches:
Dungeon (8/15)             Temple (1/1) D:4           Sewer (visited)
   Lair: D:8-11

Altars:
Fedhas
Hepliaklqana
Makhleb
Sif Muna
Trog
Uskayaw
Vehumet

Shops:
D:1 =   D:5 *

Annotations:
D:4 3 runed translucent doors, venomsnake's ghost, amateur MiBe
D:5 3 runed translucent doors, hawla's ghost, amateur MeIE
D:6 Dowan; Duvessa


Innate Abilities, Weirdness & Mutations

You are too large for most types of armour.
You have claws for hands.
Your natural rate of healing is unusually fast.
You are covered in fur. (AC +1)
You have tough skin. (AC +1)


Message History

The vampire mosquito closely misses you.
You block the vampire mosquito's attack.
Aiming: Minor Destruction (0% risk of failure)
Press: ? - help, Shift-Dir - straight line, f/p - vampire mosquito
Aim: a vampire mosquito (lightly damaged)
The vampire mosquito is unaffected.
The vampire mosquito barely misses you.
You closely miss the vampire mosquito.
The vampire mosquito is lightly damaged.
The vampire mosquito bites you.
* * * LOW HITPOINT WARNING * * *
The vampire mosquito draws strength from your injuries!
You block the vampire mosquito's attack. x2
You hit the vampire mosquito. You freeze the vampire mosquito.
The vampire mosquito is lightly damaged.
The vampire mosquito barely misses you.
You block the vampire mosquito's attack.
You hit the vampire mosquito. You freeze the vampire mosquito.
The vampire mosquito is moderately damaged.
The vampire mosquito bites you but does no damage.
The vampire mosquito closely misses you.
You hit the vampire mosquito. You freeze the vampire mosquito.
The vampire mosquito is severely damaged.
The vampire mosquito barely misses you.
You block the vampire mosquito's attack.
The vampire mosquito bites you.
* * * LOW HITPOINT WARNING * * *
The vampire mosquito draws strength from your injuries!
You miss the vampire mosquito.
The vampire mosquito is heavily damaged.
The vampire mosquito closely misses you.
You block the vampire mosquito's attack.
Unknown command.
Unknown command.
You barely miss the vampire mosquito.
The vampire mosquito is heavily damaged.
The vampire mosquito bites you!
* * * LOW HITPOINT WARNING * * *
The vampire mosquito draws strength from your injuries!
The vampire mosquito bites you!
You die...

###.............##...............
####>............##.#..........
####..###### #..#)........ #
##...### ...........>... #.
#......# ######.........# #[.
#......## #.......... #...
#.......# #####.#...#####
##....#.....(.####..##.#.#.# ##.
...............@#..###.#.#.# #..
................y..###...#.###.#
.#....#.......##...............#
.#....#........##...#.<##.##....
..#....#.....(..........##.##.###
#.......................##.#..##.
.....................#.......###.
..........#..........##.....####.
..........##.#.........##........


You could see a vampire mosquito.

Vanquished Creatures
  2 yaks
  Menkaure (D:4)
  3 water moccasins
  2 ice beasts (D:7)
  A sky beast (D:7)
  A black bear (D:7)
  An ogre (D:4)
  A centaur (D:7)
  2 bullfrogs (D:7)
  3 wights (D:6)
  3 iron imps (D:3)
  4 hounds
  5 orc priests
  4 orc wizards
  5 iguanas
  10 gnolls
  7 adders
  3 river rats (Sewer)
  An ufetubus (D:5)
  A worm (Sewer)
  5 dart slugs
  19 orcs
  4 bats
  9 endoplasms
  6 giant cockroaches
  10 goblins
  7 hobgoblins
  3 jackals (D:1)
  8 kobolds
  8 quokkas
  6 ball pythons
  3 frilled lizards
  14 rats
162 creatures vanquished.

Notes
Turn   | Place    | Note
-------+----------+-------------------------------------------
     0 | D:1      | FexLirch the Troll Fighter began the quest for the Orb.
     0 | D:1      | Reached XP level 1. HP: 22/22 MP: 0/0
    94 | D:1      | Found Lunereas's Jewellery Shop.
   147 | D:1      | Reached XP level 2. HP: 29/29 MP: 1/1
   514 | D:1      | Reached XP level 3. HP: 37/37 MP: 2/2
  1104 | D:2      | Learned a level 1 spell: Summon Small Mammal
  1155 | D:2      | Reached XP level 4. HP: 42/45 MP: 3/3
  1683 | D:3      | Found a burning altar of Makhleb.
  1895 | D:3      | Got the Almanac of Context
  1928 | D:3      | Found a hazy altar of Hepliaklqana.
  1990 | D:3      | Reached XP level 5. HP: 22/54 MP: 4/4
  2033 | D:3      | Became a worshipper of Makhleb the Destroyer
  2193 | D:5      | Entered Level 5 of the Dungeon
  2253 | D:6      | Found a hide-covered altar of Uskayaw.
  2360 | D:5      | Reached XP level 6. HP: 50/63 MP: 5/5
  2437 | D:5      | Found a shimmering blue altar of Sif Muna.
  2442 | D:5      | Found Faguyjufu's General Store.
  2582 | D:5      | Found a glowing drain.
  2598 | Sewer    | Entered a sewer
  2697 | Sewer    | Reached * piety under Makhleb
  3005 | D:5      | Noticed a water moccasin
  3019 | D:5      | Killed a water moccasin
  3020 | D:5      | Reached skill level 5 in Fighting
  3020 | D:5      | Reached XP level 7. HP: 18/72 MP: 6/6
  3258 | D:4      | Noticed venomsnake's ghost (amateur MiBe)
  3298 | D:4      | Found a blossoming altar of Fedhas.
  3306 | D:4      | Noticed Menkaure
  3312 | D:4      | Killed Menkaure
  3372 | D:4      | Reached ** piety under Makhleb
  3478 | D:4      | Found a staircase to the Ecumenical Temple.
  3487 | Temple   | Entered the Ecumenical Temple
  3688 | D:4      | Found a runed translucent gate.
  3688 | D:4      | Found a runed translucent gate.
  3688 | D:4      | Found a runed translucent gate.
  3889 | D:4      | Reached skill level 1 in Maces & Flails
  3889 | D:4      | Reached skill level 1 in Invocations
  4110 | D:5      | Reached XP level 8. HP: 82/83 MP: 7/7
  4276 | D:5      | Found a runed translucent gate.
  4277 | D:5      | Found a runed translucent gate.
  4298 | D:5      | Found a runed translucent gate.
  4300 | D:5      | Noticed hawla's ghost (amateur MeIE)
  4311 | D:5      | Reached skill level 2 in Invocations
  4394 | D:6      | Reached skill level 3 in Invocations
  4456 | D:6      | Noticed Duvessa
  4456 | D:6      | Noticed Dowan
  4522 | D:7      | Reached skill level 4 in Invocations
  4646 | D:7      | Reached skill level 5 in Invocations
  4846 | D:7      | Reached skill level 6 in Invocations
  4905 | D:7      | Reached XP level 9. HP: 77/89 MP: 12/12
  5048 | D:8      | Reached skill level 7 in Invocations
  5262 | D:7      | Slain by a vampire mosquito

Illustrated notes

Levels and vault maps discovered:
D:1:      dpeg_arrival_castle, layout_basic, serial_shops, shop, serial_rivers,
          chequers_serial_rivers_micro_b, chequers_serial_rivers_micro_c,
          chequers_serial_rivers_large_a, chequers_serial_rivers_room_a,
          chequers_serial_rivers_small_3, chequers_serial_rivers_marsh
D:2:      layout_basic, nicolae_concentric_dashed_squares_mild
D:3:      layout_rooms, demons_altar, nicolae_overflow_crystal_walls,
          corexii_item_surrounded_by_moat
D:4:      layout_loops_corners, mainiacjoe_overflow_boulevard,
          lemuel_temple_firewalk_a, gammafunk_ghost_icy, minmay_goblin_outpost,
          uniq_menkaure
D:5:      layout_loops_cross, nicolae_sif_muna_little_library,
          portal_sewer_entry_d, serial_shops, nicolae_shop_statue_plus,
          gammafunk_ghost_necromancy, guppyfry_early_lair_pool
D:6:      layout_basic, mainiacjoe_overflow_chevrons, lemuel_round_altar,
          minmay_joined_circles, uniq_duvessa
D:7:      layout_rooms
D:8:      layout_basic, nicolae_qazlal_scattered_showers, tgw_xom,
          gammafunk_ghost_grave
Temple:   compressed_dpeg_triangle_lava_temple

Skill      XL: |  1  2  3  4  5  6  7  8  9 |
---------------+----------------------------+-----
Shields        | 3 4 |  4.9
Fighting       | 3 4 5 |  5.8
Dodging        | 3 4 |  4.4
Maces & Flails | 1 |  1.6
Invocations    | 1 6 7 |  7.6
Unarmed Combat | |  2.0

Action                   |  1- 3 |  4- 6 |  7- 9 || total
-------------------------+-------+-------+-------++-------
Melee: Unarmed           |   123 |   195 |    49 ||   367
       Spear             |       |       |   311 ||   311
 Fire: Sling             |       |    11 |       ||    11
 Cast: Summon Small Mamm |       |     1 |       ||     1
Invok: Minor Destruction |       |       |    28 ||    28
  Use: Scroll            |       |     2 |       ||     2
       Potion            |       |     1 |     1 ||     2
 Stab: Sleeping          |       |       |     1 ||     1
Armor: Robe              |    31 |    63 |   104 ||   198
Dodge: Dodged            |    41 |    47 |   124 ||   212
Block: Kite shield       |    47 |    70 |   127 ||   244
